 Dungeon Crawl Stone Soup version 0.27-a0-1196-g3e9cee4cb2 (webtiles) character file.

Game seed: 16230759067522544352

438 Shayle the Ducker (level 7, -1/51 HPs)
             Began as a Djinni Air Elementalist on May 28, 2021.
             Slain by an adder (3 damage)
             ... on level 4 of the Dungeon.
             The game lasted 00:09:14 (3666 turns).

Shayle the Ducker (Djinni Air Elementalist)         Turns: 3666, Time: 00:09:15

Health: -1/51      AC:  2    Str:  7    XL:     7   Next: 21%
Gold:   131        EV: 14    Int: 18    God:
                   SH:  0    Dex: 14

rFire    + + .     SeeInvis .   i - +0 whip (venom)
rCold    x . .     Faith    .   (no shield)
rNeg     . . .     Spirit   .   a - +0 robe
rPois    ∞         Reflect  .   (no helmet)
rElec    .         Harm     .   (no cloak)
rCorr    .         Rampage  .   (no gloves)
Will     +....                  (boots unavailable)
Stlth    ++........             n - amulet of the acrobat
HPRegen  0.17/turn              j - ring of willpower
MPRegen  0.00/turn              (no ring)

@: flying
A: sickness immunity, fire resistance 2, cold vulnerability 1, float, innate
caster, hp casting, extra vitality 1
a: no special abilities


You were on level 4 of the Dungeon.
You visited 1 branch of the dungeon, and saw 4 of its levels.

You collected 131 gold pieces.

Inventory:

Hand Weapons
 e - a +0 quarterstaff
 f - a +0 hand axe of venom
 i - a +0 whip of venom (weapon)
Missiles
 o - 4 boomerangs of dispersal
Armour
 a - a +0 robe (worn)
Jewellery
 g - a ring of fire
 j - a ring of willpower (left hand)
 n - an amulet of the acrobat (around neck)
 p - a +6 ring of dexterity
Scrolls
 b - a scroll of vulnerability {unknown}
 c - a scroll of amnesia {unknown}
 h - a scroll of holy word
 k - a scroll of magic mapping {unknown}
 l - a scroll of teleportation {unknown}
 q - a scroll of identify {unknown}
Potions
 d - a potion of cancellation {unknown}
 r - a potion of haste {unknown}


   Skills:
 + Level 3.8 Fighting
 + Level 4.9 Dodging
 - Level 1.5 Stealth
 + Level 3.9 Spellcasting


You couldn't memorise any spells.
You knew the following spells:

 Your Spells              Type           Power      Damage    Failure   Level
a - Shock                 Conj/Air       68%        1d7       3%          1
b - Static Discharge      Conj/Air       17%        N/A       4%          2
c - Swiftness             Air            17%        N/A       9%          3
d - Airstrike             Air            8%         N/A       30%         4
e - Lightning Bolt        Conj/Air       8%         1d21      63%         5
f - Corona                Hex            18%        N/A       3%          1
g - Blink                 Tloc           N/A        N/A       4%          2
h - Passwall              Tmut/Erth      14%        N/A       4%          2
Your spell library was empty.

Dungeon Overview and Level Annotations

Branches:
Dungeon (4/15)
 Temple: D:4-7

Altars:


Innate Abilities, Weirdness & Mutations

You are immune to sickness and miasma.
You are immune to poison.
Your flesh is very heat resistant. (rF++)
You are vulnerable to cold. (rC-)
You float through the air rather than walking.
You learn spells naturally, not from books.
Your magical power is your life essence.
You have superior vitality. (+4 HP)


Message History

Casting: Blink (safe; 4% risk of failure)
Confirm with . or Enter, or press ? or * to list all spells.
Aiming: Shock (safe; 3% risk of failure)
Press: ? - help, Shift-Dir - straight line, f - adder
Aim: an adder (53% to hit)
The zap hits the adder.
The adder is heavily wounded.
* * * LOW HITPOINT WARNING * * *
The adder bites you.
* * * LOW HITPOINT WARNING * * *
You hit the adder but do no damage.
The adder is poisoned.
The adder is moderately wounded.
The adder barely misses you.
Unknown command.
You barely miss the adder.
The adder is heavily wounded.
The adder misses you. The adder bites you.
* * * LOW HITPOINT WARNING * * *
Unknown command.
Casting: Shock (safe; 3% risk of failure)
Confirm with . or Enter, or press ? or * to list all spells.
You blink.
* * * LOW HITPOINT WARNING * * *
Unknown command.
Unknown command.
Casting: Blink (safe; 4% risk of failure)
Confirm with . or Enter, or press ? or * to list all spells.
You blink.
* * * LOW HITPOINT WARNING * * *
Unknown command.
You miss the adder.
The adder is severely wounded.
The adder misses you.
Unknown command.
You barely miss the adder.
The adder is almost dead.
The adder bites you.
* * * LOW HITPOINT WARNING * * *
The adder bites you.
You die...

##........##
############..........#
#..........##..........#
.............#..........#
#..............).....†...#
#........................#
#...........>...........## .
#.........S....#........##
#.#.........@.......)......#
##..#............#..........#
.##.##...........#..........##
.............##.#............
#####............[#..............
........#..........###...........
...##...#..........####..........
.#..#............................
.##.#............................


You could see an adder (poisoned).

Vanquished Creatures
  A phantom (D:4)
  A centaur (D:3)
  2 scorpions (D:4)
  A water moccasin skeleton (D:4)
  A hound (D:3)
  4 adders (D:3)
  A dart slug (D:2)
  An orc (D:4)
  7 ball pythons
  6 endoplasms
  2 giant cockroaches
  10 goblins
  7 hobgoblins
  4 kobolds
  4 quokkas
  6 bats
  A frilled lizard (D:2)
  7 rats
66 creatures vanquished.

Notes
Turn   | Place    | Note
-------+----------+-------------------------------------------
     0 | D:1      | Shayle the Djinni Air Elementalist began the quest for the
                  | Orb.
     0 | D:1      | Reached XP level 1. HP: 15/15 MP: 0/0
   392 | D:1      | Reached XP level 2. HP: 22/22 MP: 0/0
   721 | D:1      | Reached skill level 1 in Fighting
  1104 | D:2      | Reached XP level 3. HP: 24/27 MP: 0/0
  1104 | D:2      | Learned a level 1 spell: Corona
  1876 | D:3      | Reached skill level 3 in Dodging
  2005 | D:3      | Reached XP level 4. HP: 16/33 MP: 0/0
  2451 | D:3      | Noticed a centaur
  2462 | D:3      | Killed a centaur
  2463 | D:3      | Reached XP level 5. HP: 20/39 MP: 0/0
  2463 | D:3      | Learned a level 2 spell: Blink
  2764 | D:3      | Found a faded altar of an unknown god.
  2860 | D:4      | Noticed a phantom
  3063 | D:3      | Reached skill level 4 in Dodging
  3063 | D:3      | Reached XP level 6. HP: 29/45 MP: 0/0
  3650 | D:4      | Reached XP level 7. HP: 5/51 MP: 0/0
  3650 | D:4      | Learned a level 2 spell: Passwall
  3666 | D:4      | HP: 2/51 [adder (4)]
  3666 | D:4      | Slain by an adder

Illustrated notes

Levels and vault maps discovered:
D:1:      co_arrival_random_square_maze, layout_rooms, serial_forest,
          infiniplex_forest_fountain, infiniplex_forest_lined_room_3,
          infiniplex_forest_clump_long, infiniplex_forest_clump_curved,
          infiniplex_forest_lined_room_, infiniplex_forest_lined_4_way,
          infiniplex_forest_clump_diagonal, infiniplex_forest_straight_3
D:2:      layout_basic, hangedman_decor_points, chequers_jeans
D:3:      layout_basic, basic_ecumenical_altar
D:4:      minmay_bubble_buster, layout_rooms, hangedman_abyss_or_decor_stagger

Skill      XL: |  1  2  3  4  5  6 |
---------------+-------------------+-----
Fighting       | 1 2 3 |  3.8
Dodging        | 3 4 |  4.9
Spellcasting   | 3 |  3.9
Stealth        | |  1.5

Action                   |  1- 3 |  4- 6 |  7- 9 || total
-------------------------+-------+-------+-------++-------
Melee: Whip              |    66 |    46 |     4 ||   116
       Quarterstaff      |    14 |       |       ||    14
 Cast: Shock             |    10 |    56 |     1 ||    67
       Static Discharge  |       |     5 |       ||     5
       Swiftness         |       |     1 |       ||     1
       Blink             |       |       |     3 ||     3
  Use: Potion            |       |     1 |     1 ||     2
       Scroll            |       |     1 |       ||     1
 Stab: Sleeping          |     5 |     4 |       ||     9
       Distracted        |     1 |       |       ||     1
Armor: Robe              |     9 |     7 |       ||    16
Dodge: Dodged            |    56 |    65 |     4 ||   125

Table legend: (Time is in decaauts)
 A = Elapsed time spent in this place.
 B = Non-inter-level travel time spent in this place.
 C = Inter-level travel time spent in this place.
 D = Time resting spent in this place.
 E = Time spent auto-exploring this place.
 F = Levels seen in this place.
 G = Mean time per level.
                   A        B        C        D        E       F      G
               +--------+--------+--------+--------+--------+-----+--------+
         Total |   3678 |   3481 |    197 |    849 |   1938 |   4 |  919.5 |
       Dungeon |   3678 |   3481 |    197 |    849 |   1938 |   4 |  919.5 |
               +--------+--------+--------+--------+--------+-----+--------+

Top non-repeatable levels by time:
     D:3: 1255 daAuts
     D:1: 1002 daAuts
     D:2: 833 daAuts
     D:4: 586 daAuts
